 Dungeon Crawl Stone Soup version 0.26-a0-490-gf8362a0c98 (webtiles) character file.

Game seed: 9383027389463640938

7284 KristoblXynda the Grappler (level 10, -4/81 HPs)
             Began as a Troll Hedge Wizard on Aug 4, 2020.
             Was a Believer of Ashenzari.
             Slain by an orc warrior
             ... wielding a +0 trident
              (13 damage)
             ... on level 10 of the Dungeon.
             The game lasted 00:13:47 (7937 turns).

KristoblXynda the Grappler (Troll Hedge Wizard)     Turns: 7937, Time: 00:13:47

Health: -4/81      AC: 10    Str: 20    XL:     10   Next: 89%
Magic:  12/12      EV: 17    Int: 13    God:    Ashenzari [**....]
Gold:   465        SH:  0    Dex:  9    Spells: 9/13 levels left

rFire    . . .     SeeInvis +     - Unarmed
rCold    + . .     Faith    .   (no shield)
rNeg     . . .     Spirit   .   H - +2 robe {rC+} (curse)
rPois    .         Reflect  .   c - +1 hat
rElec    .         Harm     .   w - +0 cloak
rCorr    .                      (gloves unavailable)
MR       .....                  (boots unavailable)
Stlth    +.........             (no amulet)
HPRegen  0.63/turn              g - +4 ring of evasion (curse)
MPRegen  0.13/turn              E - ring of see invisible

@: about to teleport, studying Necromancy
A: large, unfitting armour, claws 3, regeneration 1, shaggy fur 1, tough skin 3
a: Curse Item, Scrying, Renounce Religion


You were on level 10 of the Dungeon.
You worshipped Ashenzari.
Ashenzari was pleased with you.
You visited 2 branches of the dungeon, and saw 11 of its levels.

You collected 465 gold pieces.

Inventory:

Hand Weapons
 C - the +3 Elemental Staff {rElec rF++ rC++ MR++ AC+5}
   (You found it on level 7 of the Dungeon)

   It affects your AC (+5).
   It greatly protects you from fire.
   It greatly protects you from cold.
   It insulates you from electricity.
   It affects your resistance to hostile enchantments.
 G - a +5 scimitar of flaming
Armour
 c - a +1 hat (worn)
 w - a +0 cloak (worn)
 H - a cursed +2 robe of cold resistance (worn)
Jewellery
 g - a cursed +4 ring of evasion (left claw)
 E - a ring of see invisible (right claw)
Wands
 o - a wand of digging (12)
 p - a wand of disintegration (12)
 q - a wand of paralysis (5)
 z - a wand of iceblast (13)
Scrolls
 a - 3 scrolls of magic mapping
 b - a scroll of random uselessness {unknown}
 e - 4 scrolls of teleportation
 f - 2 scrolls of remove curse
 h - a scroll of fog
 t - a scroll of blinking
 u - a scroll of noise {unknown}
 v - a scroll of amnesia {unknown}
 x - a scroll of vulnerability {unknown}
 A - a scroll of silence {unknown}
 D - a scroll of identify
 F - a scroll of immolation
Potions
 d - 3 potions of lignification
 i - 2 potions of haste
 j - a potion of cancellation
 k - 4 potions of curing
 l - 3 potions of ambrosia
 m - 3 potions of mutation
 n - a potion of might
 r - a potion of stabbing
 s - 3 potions of heal wounds
 B - a potion of magic
Books
 y - a manual of Necromancy


   Skills:
 + Level 8.3 Dodging
 - Level 1.0 Stealth
 + Level 9.6 Unarmed Combat
 - Level 2.0 Spellcasting
 + Level 7.5 Conjurations
   Level 0.6 Summonings
   Level 0.6 Translocations


You had 9 spell levels left.
You knew the following spells:

 Your Spells              Type           Power        Failure   Level
a - Magic Dart            Conj           ###.         1%          1
b - Mephitic Cloud        Conj/Pois/Air  #.......     26%         3

Your spell library contained the following spells:

 Spells                   Type           Power        Failure   Level
 Conjure Flame            Conj/Fire      ##......     16%         3
 Beastly Appendage        Tmut           #.....       26%         1
 Blink                    Tloc           N/A          30%         2
 Call Imp                 Summ           #.......     30%         2
 Slow                     Hex            #.......     36%         2
 Wereblood                Tmut           #.......     36%         2
 Spider Form              Tmut/Pois      #.........   58%         3
 Cause Fear               Hex            #.........   94%         4
 Ice Form                 Ice/Tmut       #.......     94%         4
 Blade Hands              Tmut           #.........   100%        5
 Silence                  Hex/Air        #.........   100%        5
 Yara's Violent Unravell  Hex/Tmut       #.........   100%        5
 Discord                  Hex            #.........   100%        8


Dungeon Overview and Level Annotations

Branches:
Dungeon (10/15)            Temple (1/1) D:6
   Lair: D:8-11         Orc: D:9-12

Altars:
Ashenzari
Cheibriados
Dithmenos
Elyvilon
Fedhas
Gozag
Hepliaklqana
Kikubaaqudgha
Makhleb
Nemelex Xobeh
Okawaru
Qazlal
Ru
Sif Muna
Trog
Uskayaw
Vehumet
Wu Jian
Xom
Yredelemnul
Zin
The Shining One

Shops:
D:9 }


Innate Abilities, Weirdness & Mutations

You are too large for most types of armour.
You have claws for hands.
Your natural rate of healing is unusually fast.
You are covered in fur. (AC +1)
You have extremely tough skin. (AC +3)


Message History

The warg bites you. The orc warrior misses you.
An orc comes into view. It is wielding a -2 trident.
You closely miss the warg.
The warg is moderately wounded.
The warg misses you.
The orc wizard gestures wildly while chanting.
The orc wizard blinks!
The orc wizard gestures wildly while chanting.
The orc wizard blinks!
The warg misses you.
The orc warrior hits you from afar with a +0 trident!
* * * LOW HITPOINT WARNING * * *
The orc wizard gestures at you while chanting.
The magic dart hits you.
* * * LOW HITPOINT WARNING * * *
As you read the scroll of teleportation, it crumbles to dust.
You feel strangely unstable. The warg bites you!
* * * LOW HITPOINT WARNING * * *
The orc misses you.
The orc warrior hits you from afar with a +0 trident!
You die...

##########################
............>...@h........
...#.....#..##..##o...o#..
......#.....##.o##........
.####...###.....)o........
## #...# ##.#############
#.#.# #...# #.#.##.....#
....#.....h.#
#....#..5o...#


You could see a warg, an orc warrior, an orc wizard and an orc.

Vanquished Creatures
  Harold (D:7)
  A hydra (D:9)
  A two-headed ogre (D:8)
  Erica (D:8)
  Psyche (D:8)
  Prince Ribbit (D:8)
  Grinder (D:3)
  2 hippogriffs
  A wyvern (D:9)
  A warg (D:10)
  A sky beast (D:8)
  2 ice beasts
  4 ogres
  A phantom (D:8)
  8 centaurs
  2 bullfrogs
  2 big kobolds (D:8)
  2 scorpions (D:6)
  A wyvern skeleton (D:7)
  9 wights
  A howler monkey (D:4)
  2 bullfrog skeletons (D:8)
  2 bullfrog zombies
  4 hounds
  3 centaur skeletons
  3 orc priests
  3 jellies
  A gnoll shaman (D:4)
  6 orc wizards
  3 iguanas
  4 worker ants
  2 hound zombies
  A hound skeleton (D:6)
  4 gnolls (D:4)
  7 adders
  A white imp (D:10)
  An ufetubus (D:7)
  An ooze (D:4)
  2 worms
  A dart slug (D:1)
  5 leopard geckos
  38 orcs
  A ball python (D:1)
  5 giant cockroaches
  8 goblins
  10 hobgoblins
  4 jackals (D:3)
  21 kobolds
  2 quokkas
  7 bats
  3 frilled lizards (D:1)
  A jackal skeleton (D:7)
  A jackal zombie (D:4)
  A quokka skeleton (D:6)
  A quokka zombie (D:5)
  8 rats
211 creatures vanquished.

Notes
Turn   | Place    | Note
-------+----------+-------------------------------------------
     0 | D:1      | KristoblXynda the Troll Hedge Wizard began the quest for
                  | the Orb.
     0 | D:1      | Reached XP level 1. HP: 16/16 MP: 2/2
   195 | D:1      | Reached skill level 1 in Conjurations
   198 | D:1      | Reached XP level 2. HP: 24/24 MP: 4/4
   203 | D:1      | Reached skill level 1 in Unarmed Combat
   709 | D:2      | Reached XP level 3. HP: 31/31 MP: 5/5
   714 | D:2      | Learned a level 3 spell: Mephitic Cloud
  1308 | D:3      | Reached skill level 2 in Unarmed Combat
  1308 | D:3      | Reached XP level 4. HP: 35/39 MP: 6/6
  1492 | D:3      | Found a shadowy altar of Dithmenos.
  1498 | D:3      | Noticed Grinder
  1510 | D:3      | Paralysed by Grinder for 4 turns
  1536 | D:3      | Killed Grinder
  1536 | D:3      | Reached skill level 3 in Unarmed Combat
  1536 | D:3      | Reached XP level 5. HP: 45/45 MP: 7/7
  1536 | D:3      | Reached XP level 6. HP: 53/53 MP: 8/8
  2365 | D:4      | Reached skill level 4 in Unarmed Combat
  2365 | D:4      | Reached XP level 7. HP: 40/59 MP: 9/9
  2897 | D:5      | Entered Level 5 of the Dungeon
  3282 | D:5      | Found a shimmering blue altar of Sif Muna.
  3457 | D:5      | Reached skill level 5 in Unarmed Combat
  3503 | D:5      | Reached XP level 8. HP: 67/67 MP: 10/10
  3877 | D:6      | Found a staircase to the Ecumenical Temple.
  3884 | Temple   | Entered the Ecumenical Temple
  3891 | Temple   | Became a worshipper of Ashenzari the Shackled
  4323 | D:6      | Reached skill level 5 in Dodging
  4659 | D:6      | Reached skill level 6 in Unarmed Combat
  4698 | D:7      | Noticed Harold
  4997 | D:7      | Found the +3 Elemental Staff {rElec rF++ rC++ MR++ AC+5}
  5160 | D:7      | Reached * piety under Ashenzari
  5461 | D:7      | Killed Harold
  5461 | D:7      | Reached skill level 7 in Unarmed Combat
  5461 | D:7      | Reached skill level 5 in Conjurations
  5461 | D:7      | Reached XP level 9. HP: 32/74 MP: 11/11
  6284 | D:8      | Found a glowing silver altar of Zin.
  6284 | D:8      | Noticed an angel
  6297 | D:8      | Noticed Erica
  6312 | D:8      | Killed Erica
  6312 | D:8      | Reached skill level 8 in Unarmed Combat
  6312 | D:8      | Reached XP level 10. HP: 59/81 MP: 12/12
  6611 | D:8      | Noticed Prince Ribbit
  6616 | D:8      | Noticed Psyche
  6649 | D:8      | Killed Psyche
  6705 | D:8      | Killed Prince Ribbit
  6790 | D:8      | Noticed a two-headed ogre
  6800 | D:8      | Killed a two-headed ogre
  6800 | D:8      | Reached skill level 9 in Unarmed Combat
  7137 | D:9      | Noticed an eight-headed hydra
  7143 | D:9      | Killed a six-headed hydra
  7401 | D:9      | Found Jegaseanu's Gadget Shoppe.
  7809 | D:10     | Entered Level 10 of the Dungeon
  7911 | D:10     | Reached ** piety under Ashenzari
  7937 | D:10     | Slain by an orc warrior

Illustrated notes

Levels and vault maps discovered:
D:1:      minmay_arrival_four_houses, layout_loops_cross
D:2:      layout_loops_ring
D:3:      layout_loops_cross, grunt_dithmenos_smoke, uniq_grinder
D:4:      layout_basic
D:5:      layout_loops_corners, led_sif_pool
D:6:      layout_cave_pools, minmay_temple_entry_steel_oval, minmay_manual_mares
D:7:      layout_gridville, uniq_harold
D:8:      layout_basic, zin_angel, uniq_psyche, uniq_erica, uniq_prince_ribbit1
D:9:      layout_long_grid, serial_shops, shop
D:10:     layout_stronghold, erik_lair_orcish_takeover, grunt_tough_drop
Temple:   compressed_dpeg_triangle_lava_temple

Skill      XL: |  1  2  3  4  5  6  7  8  9 10 |
---------------+-------------------------------+-----
Conjurations   | 1 2 3 4 5 6 7 |  7.5
Unarmed Combat | 1 2 3 4 5 7 8 9 |  9.6
Dodging        | 2 3 4 6 7 8 |  8.3
Stealth        | |  1.0
Spellcasting   | |  2.0
Summonings     | |  0.6
Translocations | |  0.6

Action                   |  1- 3 |  4- 6 |  7- 9 | 10-12 || total
-------------------------+-------+-------+-------+-------++-------
Melee: Unarmed           |   134 |   168 |   311 |   185 ||   798
       Punch             |       |     3 |     7 |     7 ||    17
       Scimitar          |       |       |       |     3 ||     3
Invok: Curse Item        |       |       |     1 |     1 ||     2
Evoke: Wand              |       |       |     1 |     1 ||     2
  Use: Scroll            |       |     3 |     8 |     9 ||    20
       Potion            |       |     1 |     1 |       ||     2
 Stab: Sleeping          |     2 |       |     2 |       ||     4
       Paralysed         |       |       |     7 |       ||     7
Armor: Robe              |    45 |    50 |    52 |    25 ||   172
       Skin              |       |       |    25 |       ||    25
Dodge: Dodged            |    77 |   150 |   235 |   131 ||   593
       Rpst.: Scimitar   |       |       |       |     1 ||     1

Table legend: (Time is in decaauts)
 A = Elapsed time spent in this place.
 B = Non-inter-level travel time spent in this place.
 C = Inter-level travel time spent in this place.
 D = Time resting spent in this place.
 E = Time spent auto-exploring this place.
 F = Levels seen in this place.
 G = Mean time per level.
                   A        B        C        D        E       F      G
               +--------+--------+--------+--------+--------+-----+--------+
         Total |   7868 |   7581 |    287 |   1440 |   4368 |  11 |  715.3 |
       Dungeon |   7560 |   7283 |    277 |   1440 |   4084 |  10 |  756.0 |
        Temple |    308 |    298 |     10 |      0 |    284 |   1 |  308.0 |
               +--------+--------+--------+--------+--------+-----+--------+

Top non-repeatable levels by time:
     D:7: 1373 daAuts
     D:5: 966 daAuts
     D:8: 944 daAuts
     D:3: 893 daAuts
     D:4: 717 daAuts
     D:9: 713 daAuts
     D:1: 685 daAuts
     D:2: 586 daAuts
     D:6: 556 daAuts
  Temple: 308 daAuts
    D:10: 123 daAuts
